3078 views
Uploaded 2020-01-14 03:23:08
Game version 1.32.0.5
18:12 long 2on2 ladder game on (4)HillsbradCreek
Saved by SouL
3078 views
Uploaded 2020-01-14 03:23:08
Game version 1.32.0.5
18:12 long 2on2 ladder game on (4)HillsbradCreek


67 units @ 9.4k
/ 1.9k
28 buildings @ 3.5k
/ 1.3k


| Moonstone | 1 | 50 |
| Potion of Healing | 4 | 600 |
| Staff of Preservation | 1 | 150 |
| Scroll of Town Portal | 1 | 350 |
| Scroll of Healing | 1 | 250 |
| Scroll of Protection | 2 | 300 |
| Potion of Lesser Invulnerability | 1 | 150 |
| total: | 11 | 1850g |
| Wisp | 13 | 780 | / | 0 |
| Huntress | 5 | 975 | / | 100 |
| Dryad | 20 | 2900 | / | 1200 |
| total: | 38 | 4655g | / | 1300w |
| Altar of Elders | 1 | 180 | / | 50 |
| Moon Well | 4 | 720 | / | 160 |
| Hunter's Hall | 1 | 210 | / | 100 |
| Ancient of War | 1 | 150 | / | 60 |
| Ancient of Wonders | 1 | 90 | / | 30 |
| Ancient of Lore | 2 | 310 | / | 290 |
| Tree of Ages | 1 | 320 | / | 180 |
| total: | 10 | 1660g | / | 690w |
| 0:02 | Wisp |
| 0:02 | Wisp |
| 0:07 | Altar of Elders |
| 0:18 | Moon Well |
| 0:19 | Wisp |
| 0:32 | Wisp |
| 0:47 | Wisp |
| 0:48 | Wisp |
| 0:56 | Wisp |
| 0:56 | Wisp |
| 1:51 | Hunter's Hall |
| 1:56 | Ancient of War |
| 2:06 | Moon Well |
| 2:08 | Mana Burn |
| 2:46 | Moon Well |
| 3:04 | Huntress |
| 3:04 | Huntress |
| 3:32 | Tree of Ages |
| 4:34 | Huntress |
| 4:37 | Ancient of Wonders |
| 5:05 | Huntress |
| 5:22 | Huntress |
| 5:37 | Evasion |
| 5:58 | Mana Shield |
| 6:06 | Ancient of Lore |
| 6:08 | Ancient of Lore |
| 7:19 | Dryad |
| 7:19 | Dryad |
| 7:19 | Dryad |
| 8:02 | Dryad |
| 8:02 | Dryad |
| 8:09 | Mana Burn |
| 8:26 | Frost Arrows |
| 9:14 | Moon Well |
| 9:33 | Abolish Magic |
| 9:37 | Moonstone |
| 9:38 | Potion of Healing |
| 10:10 | Dryad |
| 10:11 | Dryad |
| 10:33 | Wisp |
| 10:33 | Wisp |
| 10:33 | Wisp |
| 10:34 | Wisp |
| 10:34 | Wisp |
| 10:40 | Scroll of Town Portal |
| 10:40 | Staff of Preservation |
| 10:41 | Potion of Healing |
| 10:55 | Scroll of Protection |
| 10:56 | Scroll of Healing |
| 11:23 | Reinforced Hides |
| 11:25 | Strength of the Wild |
| 11:59 | Dryad |
| 11:59 | Dryad |
| 12:13 | Dryad |
| 12:24 | Frost Arrows |
| 12:28 | Dryad |
| 12:45 | Dryad |
| 14:22 | Dryad |
| 14:39 | Dryad |
| 14:42 | Dryad |
| 15:29 | Potion of Healing |
| 15:42 | Potion of Lesser Invulnerability |
| 15:44 | Scroll of Protection |
| 16:25 | Dryad |
| 16:25 | Dryad |
| 16:34 | Dryad |
| 16:54 | Potion of Healing |
| 17:42 | Evasion |
| 17:44 | Dryad |
| 17:44 | Dryad |
| Right click | 1466 |
| Select group | 273 |
| Select | 252 |
| Build/train/purchase | 72 |
| Misc. action | 57 |
| Assign group | 50 |
| Minimap ping | 33 |
| Use ability | 27 |
| Chat | 4 |
| Esc | 2 |
| Item give/drop | 1 |
| Remove unit | 1 |

| Scroll of Regeneration | 1 | 100 |
| Potion of Mana | 1 | 200 |
| Lesser Clarity Potion | 1 | 70 |
| Scroll of Town Portal | 1 | 350 |
| total: | 4 | 720g |
| Peasant | 6 | 450 | / | 0 |
| Footman | 5 | 675 | / | 0 |
| Rifleman | 17 | 3485 | / | 510 |
| Mortar Team | 1 | 180 | / | 70 |
| total: | 29 | 4790g | / | 580w |
| Scout Tower | 1 | 30 | / | 20 |
| Arcane Tower | 1 | 70 | / | 50 |
| Altar of Kings | 1 | 180 | / | 50 |
| Farm | 10 | 800 | / | 200 |
| Barracks | 2 | 320 | / | 120 |
| Blacksmith | 1 | 140 | / | 60 |
| Arcane Vault | 1 | 130 | / | 30 |
| Lumber Mill | 1 | 120 | / | 0 |
| Workshop | 1 | 140 | / | 140 |
| Keep | 1 | 320 | / | 210 |
| Castle | 2 | 720 | / | 420 |
| total: | 18 | 1860g | / | 620w |
| 0:05 | Peasant |
| 0:12 | Altar of Kings |
| 0:16 | Peasant |
| 0:23 | Farm |
| 0:32 | Barracks |
| 0:37 | Peasant |
| 0:52 | Peasant |
| 1:07 | Farm |
| 1:09 | Peasant |
| 1:09 | Peasant |
| 1:34 | Footman |
| 2:01 | Footman |
| 2:08 | Scout Tower |
| 2:17 | Holy Light |
| 2:37 | Arcane Tower |
| 2:43 | Keep |
| 3:25 | Footman |
| 3:25 | Footman |
| 4:22 | Blacksmith |
| 4:27 | Arcane Vault |
| 4:49 | Footman |
| 4:54 | Farm |
| 5:18 | Castle |
| 5:32 | Divine Shield |
| 5:38 | Rifleman |
| 6:04 | Rifleman |
| 6:52 | Farm |
| 6:54 | Farm |
| 7:29 | Rifleman |
| 7:30 | Rifleman |
| 7:56 | Rifleman |
| 8:01 | Barracks |
| 8:43 | Black Gunpowder |
| 8:44 | Studded Leather Armor |
| 8:46 | Rifleman |
| 8:47 | Long Rifles |
| 8:59 | Scroll of Regeneration |
| 9:02 | Potion of Mana |
| 9:12 | Farm |
| 9:16 | Lumber Mill |
| 9:35 | Rifleman |
| 9:58 | Farm |
| 10:00 | Rifleman |
| 10:30 | Rifleman |
| 10:41 | Rifleman |
| 10:41 | Rifleman |
| 11:17 | Divine Shield |
| 12:26 | Holy Light |
| 12:38 | Rifleman |
| 12:39 | Rifleman |
| 12:51 | Refined Gunpowder |
| 13:37 | Holy Light |
| 13:55 | Rifleman |
| 13:59 | Resurrection |
| 14:32 | Rifleman |
| 15:07 | Rifleman |
| 15:08 | Rifleman |
| 15:33 | Workshop |
| 16:00 | Farm |
| 16:08 | Farm |
| 16:24 | Reinforced Leather Armor |
| 16:41 | Mortar Team |
| 16:48 | Farm |
| 16:56 | Scroll of Town Portal |
| 17:00 | Lesser Clarity Potion |
| Right click | 899 |
| Select | 249 |
| Build/train/purchase | 63 |
| Select group | 63 |
| Assign group | 29 |
| Use ability | 22 |
| Esc | 1 |
98 units @ 12.3k
/ 2.1k
34 buildings @ 4.9k
/ 2.1k

| Potion of Healing | 6 | 900 |
| Lesser Clarity Potion | 3 | 210 |
| Potion of Mana | 2 | 400 |
| Scroll of Healing | 1 | 250 |
| Boots of Speed | 1 | 250 |
| Potion of Lesser Invulnerability | 1 | 150 |
| total: | 14 | 2160g |
| Wisp | 20 | 1200 | / | 0 |
| Archer | 5 | 650 | / | 50 |
| Dryad | 16 | 2320 | / | 960 |
| total: | 41 | 4170g | / | 1010w |
| Altar of Elders | 1 | 180 | / | 50 |
| Moon Well | 7 | 1260 | / | 280 |
| Ancient of War | 2 | 300 | / | 120 |
| Ancient of Wonders | 1 | 90 | / | 30 |
| Hunter's Hall | 1 | 210 | / | 100 |
| Ancient of Lore | 4 | 620 | / | 580 |
| Tree of Ages | 2 | 640 | / | 360 |
| Tree of Eternity | 2 | 660 | / | 400 |
| total: | 16 | 2660g | / | 1160w |
| 0:04 | Altar of Elders |
| 0:04 | Wisp |
| 0:04 | Wisp |
| 0:19 | Moon Well |
| 0:27 | Wisp |
| 0:39 | Wisp |
| 0:59 | Wisp |
| 1:12 | Wisp |
| 1:20 | Ancient of War |
| 1:22 | Wisp |
| 1:35 | Wisp |
| 1:53 | Moon Well |
| 1:54 | Wisp |
| 2:09 | Shadow Strike |
| 2:16 | Wisp |
| 2:16 | Wisp |
| 2:44 | Ancient of War |
| 3:23 | Tree of Ages |
| 4:06 | Archer |
| 4:06 | Archer |
| 4:32 | Archer |
| 4:49 | Moon Well |
| 4:51 | Moon Well |
| 4:56 | Ancient of Wonders |
| 4:58 | Hunter's Hall |
| 5:02 | Boots of Speed |
| 5:14 | Archer |
| 6:03 | Blink |
| 6:12 | Ancient of Lore |
| 6:17 | Wisp |
| 6:17 | Wisp |
| 6:17 | Wisp |
| 6:17 | Wisp |
| 6:52 | Archer |
| 6:58 | Potion of Healing |
| 7:14 | Ancient of Lore |
| 8:05 | Potion of Healing |
| 8:05 | Potion of Healing |
| 8:47 | Dryad |
| 9:05 | Ancient of Lore |
| 9:08 | Ancient of Lore |
| 9:20 | Abolish Magic |
| 9:20 | Dryad |
| 9:21 | Dryad |
| 9:29 | Lesser Clarity Potion |
| 9:35 | Potion of Healing |
| 9:48 | Dryad |
| 9:56 | Shadow Strike |
| 10:04 | Scroll of Healing |
| 10:04 | Potion of Lesser Invulnerability |
| 10:13 | Dryad |
| 10:16 | Strength of the Wild |
| 10:18 | Moon Well |
| 10:20 | Moon Well |
| 10:29 | Moon Well |
| 10:41 | Wisp |
| 10:42 | Wisp |
| 10:42 | Wisp |
| 10:42 | Wisp |
| 10:51 | Dryad |
| 10:52 | Dryad |
| 10:55 | Wisp |
| 11:19 | Dryad |
| 11:51 | Dryad |
| 11:51 | Dryad |
| 12:42 | Potion of Mana |
| 12:42 | Potion of Healing |
| 12:56 | Dryad |
| 12:56 | Dryad |
| 12:59 | Fan of Knives |
| 14:16 | Dryad |
| 14:16 | Dryad |
| 14:21 | Potion of Healing |
| 14:21 | Potion of Mana |
| 14:51 | Fan of Knives |
| 14:56 | Dryad |
| 15:23 | Tree of Eternity |
| 15:34 | Lesser Clarity Potion |
| 15:36 | Lesser Clarity Potion |
| 16:09 | Druid of the Claw Adept Training |
| 16:09 | Druid of the Claw Master Training |
| 16:15 | Reinforced Hides |
| 17:26 | Spirit of Vengeance |
| 17:38 | Dryad |
| Right click | 1270 |
| Select | 252 |
| Build/train/purchase | 123 |
| Select group | 66 |
| Use ability | 43 |
| Assign group | 32 |
| Minimap ping | 22 |
| Chat | 21 |
| Misc. action | 20 |
| Resource trade | 11 |
| Esc | 3 |
| Item give/drop | 2 |


| Scroll of Regeneration | 3 | 300 |
| Potion of Healing | 1 | 150 |
| Potion of Mana | 1 | 200 |
| Scroll of Town Portal | 1 | 350 |
| total: | 6 | 1000g |
| Peasant | 17 | 1275 | / | 0 |
| Footman | 9 | 1215 | / | 0 |
| Rifleman | 15 | 3075 | / | 450 |
| Mortar Team | 8 | 1440 | / | 560 |
| Priest | 8 | 1080 | / | 80 |
| total: | 57 | 8085g | / | 1090w |
| Farm | 9 | 720 | / | 180 |
| Altar of Kings | 1 | 180 | / | 50 |
| Barracks | 2 | 320 | / | 120 |
| Arcane Vault | 1 | 130 | / | 30 |
| Town Hall | 1 | 385 | / | 205 |
| Blacksmith | 1 | 140 | / | 60 |
| Lumber Mill | 1 | 120 | / | 0 |
| Workshop | 1 | 140 | / | 140 |
| Arcane Sanctum | 1 | 150 | / | 140 |
| Keep | 2 | 640 | / | 420 |
| total: | 18 | 2285g | / | 925w |
| 0:03 | Peasant |
| 0:04 | Peasant |
| 0:06 | Farm |
| 0:07 | Altar of Kings |
| 0:20 | Barracks |
| 0:25 | Peasant |
| 0:39 | Peasant |
| 0:50 | Peasant |
| 1:05 | Farm |
| 1:13 | Peasant |
| 1:21 | Footman |
| 1:32 | Farm |
| 1:44 | Peasant |
| 1:46 | Footman |
| 1:46 | Footman |
| 2:11 | Footman |
| 2:13 | Peasant |
| 2:13 | Peasant |
| 2:21 | Flame Strike |
| 2:31 | Peasant |
| 2:33 | Farm |
| 2:58 | Footman |
| 2:59 | Peasant |
| 3:00 | Peasant |
| 3:38 | Arcane Vault |
| 3:40 | Barracks |
| 3:41 | Siphon Mana |
| 3:48 | Town Hall |
| 4:00 | Footman |
| 4:02 | Peasant |
| 4:10 | Blacksmith |
| 4:32 | Scroll of Regeneration |
| 4:41 | Scroll of Regeneration |
| 4:43 | Scroll of Regeneration |
| 5:16 | Footman |
| 5:17 | Defend |
| 5:47 | Footman |
| 5:47 | Footman |
| 5:49 | Rifleman |
| 5:49 | Rifleman |
| 6:08 | Siphon Mana |
| 6:12 | Keep |
| 6:31 | Rifleman |
| 6:47 | Rifleman |
| 6:49 | Farm |
| 6:51 | Lumber Mill |
| 7:35 | Rifleman |
| 7:35 | Rifleman |
| 8:07 | Rifleman |
| 8:50 | Workshop |
| 9:02 | Peasant |
| 9:02 | Peasant |
| 9:12 | Arcane Sanctum |
| 9:14 | Peasant |
| 9:14 | Peasant |
| 9:18 | Farm |
| 9:21 | Farm |
| 10:13 | Mortar Team |
| 10:18 | Blizzard |
| 10:24 | Rifleman |
| 10:24 | Long Rifles |
| 10:26 | Flame Strike |
| 10:35 | Priest |
| 10:35 | Priest |
| 11:09 | Scroll of Town Portal |
| 11:09 | Potion of Healing |
| 11:09 | Potion of Mana |
| 11:11 | Mortar Team |
| 11:13 | Priest |
| 12:07 | Rifleman |
| 12:07 | Rifleman |
| 12:30 | Rifleman |
| 13:07 | Mortar Team |
| 13:08 | Mortar Team |
| 13:40 | Rifleman |
| 13:41 | Priest |
| 13:42 | Priest |
| 13:56 | Mortar Team |
| 14:08 | Blizzard |
| 14:08 | Brilliance Aura |
| 14:52 | Rifleman |
| 14:53 | Mortar Team |
| 14:53 | Mortar Team |
| 15:08 | Rifleman |
| 15:21 | Priest |
| 15:21 | Priest |
| 15:25 | Farm |
| 16:36 | Farm |
| 16:52 | Black Gunpowder |
| 16:52 | Studded Leather Armor |
| 17:14 | Brilliance Aura |
| 17:44 | Flame Strike |
| 17:56 | Rifleman |
| 17:58 | Mortar Team |
| 17:58 | Priest |
| 18:11 | Blizzard |
| Select group | 1486 |
| Right click | 1453 |
| Select | 470 |
| Misc. action | 283 |
| Assign group | 246 |
| Build/train/purchase | 110 |
| Use ability | 44 |
| Resource trade | 13 |
| Remove unit | 4 |
| Minimap ping | 4 |
| Chat | 4 |
| Item give/drop | 2 |